Map: Ultralove

Players

wootwoot - Winner!

  • Race: Terran Terran
  • League: Silver
  • Spawn Location: 7:00

amir

  • Race: Zerg Zerg
  • Spawn Location: 1:00

VOD

Have the link to the VOD?

Description

Time

  • Played on: April 1, 2025, 6:12 p.m.
  • Length: 5:13
Show
View Real Time Build Order
Export as new Build Order

wootwoot Terran - Winner!

Build Orders:  

Get SALT Encoding   

  12  0:00  SCV  
  13  0:13  SCV  
  14  0:17  Supply Depot  
  14  0:25  SCV  
  15  0:30  Refinery  
  15  0:39  SCV  
  16  0:45  Barracks  
  16  0:51  SCV  
  17  1:01  Barracks  
  17  1:14  Barracks  
  17  1:21  Refinery  
  17  1:32  Reaper  
  18  1:41  Orbital Command  
  18  1:48  Reaper  
  20  2:01  Reaper  
  20  2:04  Supply Depot, Reaper  
  21  2:08  SCV  
  22  2:20  Reaper  
  23  2:26  SCV  
  24  2:33  Reaper  
  24  2:36  Reaper  
  26  2:38  SCV  
  27  2:50  SCV  
  28  2:52  Reaper  
  29  3:02  SCV  
  31  3:05  Reaper  
  31  3:12  Barracks x2  
  31  3:22  Supply Depot  
  31  3:24  SCV, Reaper x2  
  34  3:36  SCV  
  34  3:37  Reaper  
  36  3:48  SCV  
  37  3:56  Reaper  
  38  4:03  Command Center  
  38  4:12  SCV  
  38  4:14  Reaper x3  
  42  4:21  Reaper  
  43  4:24  SCV  
  43  4:27  Supply Depot  
  44  4:31  Supply Depot  
  44  4:40  SCV  
  46  4:52  Supply Depot, SCV  
Show
View Real Time Build Order
Export as new Build Order

amir Zerg 

Build Orders: Hatch First 

Get SALT Encoding   

  12  0:01  Drone  
  13  0:13  Overlord  
  13  0:18  Drone  
  14  0:43  Hatchery  
  14  0:45  Drone  
  14  0:52  Drone  
  14  0:53  Drone  
  16  1:00  Drone  
  17  1:19  Spawning Pool  
  17  1:20  Drone x2  
  18  1:35  Extractor  
  17  1:46  Drone  
  18  1:56  Hatchery  
  17  2:01  Drone x2  
  17  2:02  Drone  
  20  2:15  Drone  
  21  2:19  Queen  
  21  2:21  Queen  
  25  2:28  Extractor  
  22  2:44  Baneling Nest  
  15  3:03  Spine Crawler  
Tags
 
League
Silver
Matchup
TvZ
Replay Pack
B2M-Replays
Spawn Locations
Cross Positions
Add a new tag
Caveats
  • Supply blocks, unpowered buildings, or Contaminate may cause inaccurate times.
  • Supply counts are checked every 10 seconds.